 Dungeon Crawl Stone Soup version 0.27-a0-46-g34d46f0a3f (webtiles) character file.

Game seed: 17307726445221760156

93 Borgoz the Covered (level 4, -1/31 HPs)
             Began as a Halfling Fighter on Jan 6, 2021.
             Killed from afar by Natasha (9 damage)
             ... with a magic dart
             ... on level 2 of the Dungeon.
             The game lasted 00:01:33 (1539 turns).

Borgoz the Covered (Halfling Fighter)               Turns: 1539, Time: 00:01:33

Health: -1/31      AC:  8    Str: 17    XL:     4   Next: 91%
Magic:  4/4        EV:  9    Int:  6    God:
Gold:   79         SH:  9    Dex: 14    Spells: 3/3 levels left

rFire    . . .     SeeInvis .   a - +0 long sword
rCold    . . .     Faith    .   c - +0 kite shield
rNeg     . . .     Spirit   .   b - +0 scale mail
rPois    .         Reflect  .   (no helmet)
rElec    .         Harm     .   (no cloak)
rCorr    .         Rampage  .   (no gloves)
Will     .....                  e - +0 pair of boots
Stlth    ..........             (no amulet)
HPRegen  0.10/turn              (no ring)
MPRegen  0.09/turn              (no ring)

@: mighty, slowed, very slow
A: small, mutation resistance 1
a: no special abilities


You were on level 2 of the Dungeon.
You visited 1 branch of the dungeon, and saw 2 of its levels.

You collected 79 gold pieces.

Inventory:

Hand Weapons
 a - a +0 long sword (weapon)
Armour
 b - a +0 scale mail (worn)
 c - a +0 kite shield (worn)
 e - a +0 pair of boots (worn)
Wands
 p - a wand of paralysis (4)
Scrolls
 d - a scroll of fog
 f - a scroll of identify {unknown}
 g - a scroll of magic mapping {unknown}
 j - 3 scrolls of teleportation
 m - a scroll of blinking {unknown}
 o - a scroll of remove curse {unknown}
Potions
 h - a potion of mutation {unknown}
 i - 2 potions of lignification {unknown}
 l - a potion of cancellation {unknown}
 n - 3 potions of curing {unknown}


   Skills:
 * Level 3.4 Fighting
 * Level 3.1 Long Blades
 + Level 3.8 Armour
 + Level 3.7 Shields


You had 3 spell levels left.
You didn't know any spells.
Your spell library was empty.

Dungeon Overview and Level Annotations

Branches:
Dungeon (2/15)

Altars:

Annotations:
D:2 Natasha


Innate Abilities, Weirdness & Mutations

You are small and have problems with some larger weapons.
You are somewhat resistant to further mutation.


Message History

Natasha is lightly wounded.
The frilled lizard closely misses you. Natasha claws you!
You block the frilled lizard's attack. The kobold hits you with a +0 dagger.
* * * LOW HITPOINT WARNING * * *
You block Natasha's attack.
You are too injured to fight recklessly!
You feel very mighty all of a sudden. The frilled lizard bites you.
* * * LOW HITPOINT WARNING * * *
You block the kobold's attack.
Natasha mumbles some strange words.
The frilled lizard barely misses you.
You riposte.
You slash the frilled lizard!
You kill the frilled lizard!
The kobold hits you but does no damage.
You barely miss Natasha.
Natasha is lightly wounded.
Natasha casts a spell at you. The magic dart hits you!
You die...

.#.### #.# #.#.. ...#
#.####### ##... #.##
#.......# ##.. #.#
#.#####.# ##. #.# #.#
##.## #. #.# #.# ##...##
#.# #.###.....## #.#
#.##....5.K##.#
#.######........@....#
#.>......##.....rhr.....
#####...................
#.##.####...#.......
#.##.# ##.##.....).
#.##.#####..##......
#####.##.....<....###...
.......>.#####..## .##
#####.##.....#


You could see Natasha (strong), a crimson imp (summoned), a kobold and 2 rats.

Vanquished Creatures
  2 gnolls (D:1)
  2 adders (D:2)
  A worm (D:2)
  3 dart slugs
  3 leopard geckos
  A ball python (D:1)
  4 giant cockroaches (D:1)
  A goblin (D:1)
  4 hobgoblins
  3 jackals (D:2)
  3 kobolds
  6 bats
  4 frilled lizards
  8 rats
45 creatures vanquished.

Notes
Turn   | Place    | Note
-------+----------+-------------------------------------------
     0 | D:1      | Borgoz the Halfling Fighter began the quest for the Orb.
     0 | D:1      | Reached XP level 1. HP: 15/15 MP: 1/1
   107 | D:1      | Reached XP level 2. HP: 15/20 MP: 2/2
   386 | D:1      | Reached XP level 3. HP: 24/26 MP: 3/3
   908 | D:1      | Reached XP level 4. HP: 30/31 MP: 4/4
  1531 | D:2      | Noticed Natasha
  1539 | D:2      | Killed from afar by Natasha

Illustrated notes

Levels and vault maps discovered:
D:1:      lightli_arrival_quake, layout_rooms, minivault_26
D:2:      layout_loops_ring, uniq_natasha

Skill      XL: |  1  2  3  4 |
---------------+-------------+-----
Fighting       | 3 |  3.4
Long Blades    | 3 |  3.1
Armour         | |  3.8
Shields        | |  3.7

Action                   |  1- 3 |  4- 6 || total
-------------------------+-------+-------++-------
Melee: Long sword        |    72 |    88 ||   160
  Use: Potion            |     1 |     1 ||     2
       Scroll            |     2 |       ||     2
Armor: Scale mail        |    35 |    48 ||    83
Dodge: Dodged            |    29 |    37 ||    66
Block: Kite shield       |    53 |    63 ||   116
       Rpst.: Long sword |    10 |    14 ||    24

Table legend: (Time is in decaauts)
 A = Elapsed time spent in this place.
 B = Non-inter-level travel time spent in this place.
 C = Inter-level travel time spent in this place.
 D = Time resting spent in this place.
 E = Time spent auto-exploring this place.
 F = Levels seen in this place.
 G = Mean time per level.
                   A        B        C        D        E       F      G
               +--------+--------+--------+--------+--------+-----+--------+
         Total |   1596 |   1559 |     37 |    245 |    984 |   2 |  798.0 |
       Dungeon |   1596 |   1559 |     37 |    245 |    984 |   2 |  798.0 |
               +--------+--------+--------+--------+--------+-----+--------+

Top non-repeatable levels by time:
     D:1: 1021 daAuts
     D:2: 574 daAuts
